 Dungeon Crawl Stone Soup version 0.26-a0-1213-gd52f5182fe (webtiles) character file.

Game seed: 13642869784231611884

2290 vvl the Purveyor of Pain (level 9, -12/126 HPs)
             Began as a Troll Hedge Wizard on Dec 30, 2020.
             Was an Initiate of Kikubaaqudgha.
             Killed from afar by a gargoyle (18 damage)
             ... with a stone arrow
             ... on level 7 of the Dungeon.
             The game lasted 00:18:30 (6950 turns).

vvl the Purveyor of Pain (Troll Hedge Wizard)       Turns: 6950, Time: 00:18:39

Health: -12/126    AC:  7    Str: 20      XL:     9   Next: 17%
Magic:  0/13       EV:  9    Int: 10 (13) God:    Kikubaaqudgha [......]
Gold:   403        SH:  0    Dex:  8 (9)  Spells: 14/15 levels left

rFire    . . .     SeeInvis .     - Unarmed
rCold    . . .     Faith    .   (no shield)
rNeg     . . .     Spirit   +   b - +0 robe
rPois    .         Reflect  .   c - +0 hat
rElec    .         Harm     .   C - +0 cloak
rCorr    .         Rampage  .   (gloves unavailable)
Will     .....                  (boots unavailable)
Stlth    ..........             D - amulet of guardian spirit
HPRegen  0.71/turn              (no ring)
MPRegen  0.13/turn              (no ring)

@: berserking, very slightly contaminated, invisible, very quick
A: large, unfitting armour, claws 3, regeneration 1, shaggy fur 1, tough skin 3
a: Renounce Religion


You were on level 7 of the Dungeon.
You worshipped Kikubaaqudgha.
Kikubaaqudgha was noncommittal.
You visited 2 branches of the dungeon, and saw 8 of its levels.

You collected 403 gold pieces.

Inventory:

Hand Weapons
 a - a +0 dagger
 m - a +4 mace
 x - a +3 flail of protection
 A - a +0 shortbow of flaming
 I - a +0 mace of venom
Armour
 b - a +0 robe (worn)
 c - a +0 hat (worn)
 C - a +0 cloak (worn)
Jewellery
 q - a cursed ring of attention {unknown}
 v - an uncursed ring of flight
 w - a cursed ring of teleportation {unknown}
 D - an amulet of guardian spirit (around neck)
Wands
 y - a wand of polymorph (2)
 B - a wand of flame (10)
Scrolls
 d - a scroll of immolation {unknown}
 e - 13 scrolls of identify {unknown}
 g - a scroll of noise {unknown}
 h - 2 scrolls of remove curse {unknown}
 k - 2 scrolls of fog {unknown}
 l - 4 scrolls of teleportation {unknown}
 n - 4 scrolls of enchant armour {unknown}
 p - a scroll of amnesia {unknown}
 z - a scroll of fear {unknown}
 E - 2 scrolls of enchant weapon {unknown}
 J - a scroll of magic mapping {unknown}
Potions
 f - a potion of brilliance {unknown}
 i - a potion of flight
 j - 2 potions of attraction
 o - 2 potions of degeneration
 t - a potion of cancellation {unknown}
 u - a potion of lignification
 H - a potion of ambrosia {unknown}


   Skills:
 + Level 3.9 Fighting
 - Level 1.5 Dodging
 - Level 1.0 Stealth
 + Level 4.7 Unarmed Combat
 + Level 3.6 Spellcasting
 - Level 0.6 Conjurations
 - Level 0.6 Summonings
 * Level 5.8 Necromancy
 + Level 3.6 Translocations


You had 14 spell levels left.
You knew the following spells:

 Your Spells              Type           Power        Failure   Level
a - Magic Dart            Conj           12%          21%         1

Your spell library contained the following spells:

 Spells                   Type           Power        Failure   Level
 Pain                     Necr           52%          2%          1
 Sublimation of Blood     Necr           6%           3%          2
 Vampiric Draining        Necr           6%           7%          3
 Blink                    Tloc           N/A          9%          2
 Corpse Rot               Necr/Air       N/A          12%         2
 Shock                    Conj/Air       8%           24%         1
 Freeze                   Ice            4%           26%         1
 Call Imp                 Summ           3%           30%         2
 Slow                     Hex            1%           38%         2
 Swiftness                Air            1%           38%         2
 Conjure Flame            Conj/Fire      2%           56%         3
 Static Discharge         Conj/Air       2%           56%         3
 Mephitic Cloud           Conj/Pois/Air  2%           58%         3
 Frozen Ramparts          Ice            2%           63%         3
 Ozocubu's Armour         Ice            1%           63%         3
 Hailstorm                Conj/Ice       2%           93%         4
 Summon Ice Beast         Ice/Summ       2%           93%         4
 Airstrike                Air            0%           95%         4
 Lightning Bolt           Conj/Air       1%           100%        5


Dungeon Overview and Level Annotations

Branches:
Dungeon (7/15)             Temple (1/1) D:6

Altars:
Ashenzari
Cheibriados
Dithmenos
Fedhas
Gozag
Hepliaklqana
Kikubaaqudgha
Makhleb
Nemelex Xobeh
Okawaru
Qazlal
Ru
Sif Muna
Trog
Uskayaw
Vehumet
Xom
Yredelemnul
Zin
The Shining One

Shops:
D:6 [

Annotations:
D:3 Natasha


Innate Abilities, Weirdness & Mutations

You are too large for most types of armour.
You have claws for hands.
Your natural rate of healing is unusually fast.
You are covered in fur. (AC +1)
You have extremely tough skin. (AC +3)


Message History

You scratch the gargoyle but do no damage.
The gargoyle is lightly damaged.
The gargoyle hits you with a +0 morningstar!!
You closely miss the gargoyle.
The gargoyle is lightly damaged.
The gargoyle hits you with a +0 morningstar!
It was a potion of invisibility.
You fade into invisibility!
You are very lightly contaminated with residual magic.
You barely miss the gargoyle.
The gargoyle is lightly damaged.
The gargoyle hits you with a +0 morningstar!!
* * * LOW HITPOINT WARNING * * *
It was a potion of berserk rage.
A red film seems to cover your vision as you go berserk!
You feel yourself moving faster!
You feel mighty!
The gargoyle hurls a stone arrow at you.
The stone arrow hits you!!
You die...
Kikubaaqudgha rasps: "You have failed me!
Welcome... death!"

#.# ##+.+## #..##.##..#
#.#.# #+.....+###.###.....
#.#.# #.......#8#.##.##..#
##.#.##+...........#.###.#.
####
##....##....8........##
#.#. ...###.#.#.#
+............# #.#.
##.........# #.......#8#..#
#...
#####.#.#.###+.....'###..#
##... ##.....#
##@.'##)#...###....
##....###9###8###..........
####...#######...#.###....
###...[)........# ##...
###.)########## #... #..#
#..# #..# #... #..# #.##
#..# #.#


You could see a gargoyle.

Vanquished Creatures
  A smoke demon (D:6)
  A gargoyle (D:7)
  A steam dragon (D:6)
  Edmund (D:4)
  An orc warrior (D:7)
  2 ice beasts
  A centaur (D:6)
  3 ogres
  A bullfrog (D:7)
  A scorpion (D:6)
  2 hounds
  5 orc priests (D:7)
  A jelly (D:5)
  An orc wizard (D:7)
  A bullfrog skeleton (D:6)
  An iguana (D:6)
  5 worker ants
  Natasha (twice) (D:3)
  A killer bee zombie (D:6)
  A hound skeleton (D:7)
  A howler monkey zombie (D:6)
  A worker ant zombie (D:5)
  10 adders
  A shadow imp (D:6)
  A white imp (D:5)
  An ufetubus (D:7)
  An adder zombie (D:6)
  2 adder skeletons
  2 worms
  A dart slug (D:2)
  6 leopard geckos
  12 orcs
  4 giant cockroaches
  9 hobgoblins
  9 jackals
  5 quokkas
  2 ball pythons
  11 bats
  3 frilled lizards
  4 goblins
  A jackal skeleton (D:5)
  7 kobolds
  7 rats
134 creatures vanquished.

Notes
Turn   | Place    | Note
-------+----------+-------------------------------------------
     0 | D:1      | vvl the Troll Hedge Wizard began the quest for the Orb.
     0 | D:1      | Reached XP level 1. HP: 16/16 MP: 2/2
   146 | D:1      | Reached XP level 2. HP: 24/24 MP: 4/4
   718 | D:2      | Reached skill level 1 in Translocations
   784 | D:2      | Reached skill level 1 in Necromancy
   887 | D:2      | Reached XP level 3. HP: 29/32 MP: 5/5
   939 | D:2      | Reached skill level 1 in Unarmed Combat
  1310 | D:3      | Reached skill level 1 in Fighting
  1313 | D:3      | Noticed Natasha
  1492 | D:3      | Killed Natasha
  1493 | D:3      | Reached XP level 4. HP: 31/41 MP: 6/6
  1685 | D:3      | Reached skill level 2 in Necromancy
  2007 | D:3      | Noticed Natasha
  2016 | D:3      | Killed Natasha
  2017 | D:3      | Reached XP level 5. HP: 29/48 MP: 7/7
  2064 | D:3      | Noticed Natasha
  2394 | D:4      | Noticed Edmund
  2433 | D:4      | Killed Edmund
  2434 | D:4      | Reached XP level 6. HP: 25/57 MP: 8/8
  2525 | D:4      | Reached skill level 3 in Necromancy
  2784 | D:5      | Entered Level 5 of the Dungeon
  3493 | D:5      | Reached XP level 7. HP: 65/65 MP: 8/10
  3873 | D:6      | Noticed Grinder
  3877 | D:6      | Paralysed by Grinder for 3 turns
  3880 | D:6      | Noticed Grinder
  3880 | D:6      | Grinder changed into Grinder the smoke demon
  3885 | D:6      | Killed Grinder the smoke demon
  3886 | D:6      | Reached skill level 4 in Necromancy
  4015 | D:6      | Reached XP level 8. HP: 59/74 MP: 11/11
  4246 | D:6      | Found Dugaol's Antique Armour Boutique.
  4372 | D:6      | Found a staircase to the Ecumenical Temple.
  4392 | Temple   | Entered the Ecumenical Temple
  4523 | Temple   | Became a worshipper of Kikubaaqudgha
  4765 | D:6      | Found a burning altar of Makhleb.
  5130 | D:7      | Reached skill level 5 in Necromancy
  5764 | D:7      | Reached XP level 9. HP: 29/84 MP: 13/13
  5764 | D:7      | Reached * piety under Kikubaaqudgha
  5764 | D:7      | Identified Kikubaaqudgha's Papyrus of Necromancy
                  | (Kikubaaqudgha gifted it to you on level 7 of the Dungeon)
  5764 | D:7      | Received a gift from Kikubaaqudgha
  5779 | D:7      | HP: 4/84 [poisoned by an orc]
  5784 | D:7      | HP: 3/84 [poisoned by an orc]
  5790 | D:7      | HP: 3/84 [poisoned by an orc]
  5795 | D:7      | HP: 4/84 [poisoned by an orc]
  6479 | D:7      | Noticed a gargoyle
  6487 | D:7      | HP: 3/84 [gargoyle/+4 mace (5)]
  6511 | D:7      | Killed a gargoyle
  6941 | D:7      | Noticed a gargoyle
  6949 | D:7      | HP: 3/84 [gargoyle/+0 morningstar (24)]
  6950 | D:7      | Killed from afar by a gargoyle

Illustrated notes

Levels and vault maps discovered:
D:1:      ebering_trefoil_3fold, layout_basic
D:2:      layout_loops_ring, minmay_misc_feat_pillars
D:3:      layout_rooms, serial_curves, eino_curves_02, eino_curves_04,
          eino_curves_02, eino_curves_04, uniq_natasha
D:4:      layout_cave_pools, uniq_edmund
D:5:      layout_gridville
D:6:      layout_basic, minmay_temple_entry_sparse_star, basic_altar,
          serial_shops, shop, corexii_checkpoint_a, uniq_grinder
D:7:      cheibrodos_statue_roulette, layout_loops_ring
Temple:   regret_index_temple_sigil_plot

Skill      XL: |  1  2  3  4  5  6  7  8 |
---------------+-------------------------+-----
Translocations | 1 2 3 |  3.6
Necromancy     | 1 2 3 4 5 |  5.8
Unarmed Combat | 1 2 3 4 |  4.7
Fighting       | 1 2 3 |  3.9
Spellcasting   | 3 |  3.6
Dodging        | |  1.5
Stealth        | |  1.0
Conjurations   | |  0.6
Summonings     | |  0.6

Action                   |  1- 3 |  4- 6 |  7- 9 || total
-------------------------+-------+-------+-------++-------
Melee: Unarmed           |   163 |   194 |   212 ||   569
       Punch             |     1 |     2 |     4 ||     7
Evoke: Wand              |       |       |     4 ||     4
  Use: Potion            |       |       |    13 ||    13
 Stab: Sleeping          |     2 |     1 |       ||     3
Armor: Robe              |    73 |    63 |    50 ||   186
Dodge: Dodged            |   102 |    95 |    99 ||   296

Table legend: (Time is in decaauts)
 A = Elapsed time spent in this place.
 B = Non-inter-level travel time spent in this place.
 C = Inter-level travel time spent in this place.
 D = Time resting spent in this place.
 E = Time spent auto-exploring this place.
 F = Levels seen in this place.
 G = Mean time per level.
                   A        B        C        D        E       F      G
               +--------+--------+--------+--------+--------+-----+--------+
         Total |   6922 |   6466 |    456 |   1254 |   4128 |   8 |  865.2 |
       Dungeon |   6765 |   6335 |    430 |   1254 |   3999 |   7 |  966.4 |
        Temple |    157 |    131 |     26 |      0 |    129 |   1 |  157.0 |
               +--------+--------+--------+--------+--------+-----+--------+

Top non-repeatable levels by time:
     D:7: 1669 daAuts
     D:6: 1570 daAuts
     D:2: 774 daAuts
     D:5: 737 daAuts
     D:1: 689 daAuts
     D:4: 684 daAuts
     D:3: 638 daAuts
  Temple: 157 daAuts
